 Dungeon Crawl Stone Soup version 0.29-a0-887-gcbe080d7e0 (webtiles) character file.

Game seed: 12519462824961135836

54 croobank the Covered (level 3, -1/33 HPs)
             Began as a Minotaur Fighter on July 21, 2022.
             Slain by an orc
             ... wielding a +0 whip
              (3 damage)
             ... on level 3 of the Dungeon.
             The game lasted 00:03:07 (1416 turns).

croobank the Covered (Minotaur Fighter)             Turns: 1416, Time: 00:03:09

Health: -1/33      AC:  8    Str: 22    XL:     3   Next: 66%
Magic:  2/2        EV:  9    Int:  5    God:
Gold:   135        SH:  4    Dex:  9    Spells: 2/2 levels left

rFire   . . .      SeeInvis .   a - +0 war axe
rCold   . . .      Faith    .   c - +0 buckler
rNeg    . . .      Spirit   .   b - +0 scale mail
rPois   .          Reflect  .   (helmet restricted)
rElec   .          Harm     .   (no cloak)
rCorr   .          Rampage  .   n - +0 pair of gloves
Will    .....                   (no boots)
Stlth   ..........              (no amulet)
HPRegen 0.11/turn               (no ring)
MPRegen 0.08/turn               (no ring)

@: mighty
A: horns 2, retaliatory headbutt
a: no special abilities


You were on level 3 of the Dungeon.
You visited 1 branch of the dungeon, and saw 3 of its levels.

You collected 135 gold pieces.

Inventory:

Hand Weapons
 a - a +0 war axe (weapon)
 o - a +0 trident
Armour
 b - a +0 scale mail (worn)
 c - a +0 buckler (worn)
 n - a +0 pair of gloves (worn)
Jewellery
 l - an amulet of faith
Scrolls
 e - a scroll of butterflies {unknown}
 g - 5 scrolls of identify {unknown}
 h - a scroll of magic mapping {unknown}
 j - a scroll of poison {unknown}
 m - a scroll of immolation {unknown}
Potions
 d - a potion of might
 f - 3 potions of curing {unknown}
 i - a potion of attraction {unknown}
 k - 4 potions of heal wounds {unknown}


   Skills:
 + Level 4.2 Fighting
 + Level 3.2 Axes
 + Level 4.2 Armour
 + Level 4.1 Shields


You had 2 spell levels left.
You didn't know any spells.
Your spell library was empty.

Dungeon Overview and Level Annotations

Branches:
Dungeon (3/15)

Altars:
Hepliaklqana


Innate Abilities, Weirdness & Mutations

You have a pair of horns on your head.
You reflexively headbutt those who attack you in melee.


Message History

The hobgoblin shouts!
A nearby plant withers and dies.
The orc priest invokes the aid of Beogh against you.
Beogh smites you! The orc priest barely misses you.
The orc hits you with a +0 short sword of electrocution.
You are electrocuted!
* * * LOW HITPOINT WARNING * * *
The orc hits the plant with a +0 whip!
The plant begins to die.
You are too injured to fight recklessly!
You are too injured to fight recklessly!
You are too injured to fight recklessly!
You are too injured to fight recklessly!
You feel very mighty all of a sudden.
A nearby plant withers and dies.
The orc priest looks encouraged for a moment.
The orc hits the plant with a +0 whip.
You block the orc's attack. The orc hits you but does no damage.
You slash the orc priest!
The orc priest is heavily wounded.
You slash the orc!
You kill the orc!
You slash the plant!
The plant begins to die.
You slash the orc!
You kill the orc!
The orc priest hits you with a +0 dagger.
* * * LOW HITPOINT WARNING * * *
The hobgoblin hits you but does no damage.
The orc priest barely misses you.
You barely miss the orc priest. Your headbutt misses the orc priest.
The orc priest is heavily wounded.
You slash the hobgoblin!
You kill the hobgoblin!
You hit the plant. You block the orc priest's attack.
You barely miss the orc priest.
The orc priest is heavily wounded.
You hit the orc. You slash the plant!
A nearby plant withers and dies. x2
The orc priest hits you with a +0 dagger.
* * * LOW HITPOINT WARNING * * *
The orc hits you with a +0 whip.
You die...

#.#.#
#.#########.########
#.#.#
#........##........#
#.#.#
########.##........#
#.#..
..................#
..###
####..............#
### #.######.......#
#.######.$....!# #
#............#
#.P)@#P......#
#P§.#oo.P.###'##
#....§.(P..# .#
.....§§#..... #
..#.P§....P###
....?.§§..P# #.#§#.#
P... ...#.# ..##.


You could see an orc priest and an orc.

Vanquished Creatures
  An adder (D:2)
  2 dart slugs
  5 orcs
  5 bats
  2 goblins
  4 hobgoblins
  5 kobolds
  A quokka (D:1)
  8 ball pythons
33 creatures vanquished.

Vanquished Creatures (others)
  7 plants (D:3)
7 creatures vanquished.

Grand Total: 40 creatures vanquished

Notes
Turn   | Place    | Note
-------+----------+-------------------------------------------
     0 | D:1      | croobank the Minotaur Fighter began the quest for the Orb.
     0 | D:1      | Reached XP level 1. HP: 19/19 MP: 0/0
   357 | D:1      | Reached XP level 2. HP: 26/27 MP: 1/1
   842 | D:2      | Reached XP level 3. HP: 31/33 MP: 2/2
  1146 | D:2      | Found a faded altar of an unknown god.
  1409 | D:3      | Found a hazy altar of Hepliaklqana.
  1416 | D:3      | Slain by an orc

Illustrated notes

Levels and vault maps discovered:
D:1:      dpeg_arrival_rhombi, layout_basic, nicolae_figureground_pulse
D:2:      layout_rooms, shapermc_ecumenical_altar_flowoftime
D:3:      layout_basic, nicolae_hepliaklqana_hazy_memory, minivault_19,
          serial_bayou_lake_a

Skill      XL: |  1  2 |
---------------+-------+-----
Fighting       | 4 |  4.2
Armour         | 4 |  4.2
Axes           | 3 |  3.2
Shields        | 4 |  4.1

Action                   || total
-------------------------++-------
Melee: War axe           ||    72
       Headbutt          ||    12
  Use: Potion            ||     1
Armor: Scale mail        ||    35
Dodge: Dodged            ||    56
Block: Buckler           ||    23

Table legend: (Time is in decaauts)
 A = Elapsed time spent in this place.
 B = Non-inter-level travel time spent in this place.
 C = Inter-level travel time spent in this place.
 D = Time resting spent in this place.
 E = Time spent auto-exploring this place.
 F = Levels seen in this place.
 G = Mean time per level.
                   A        B        C        D        E       F      G
               +--------+--------+--------+--------+--------+-----+--------+
         Total |   1444 |   1391 |     53 |    170 |    974 |   3 |  481.3 |
       Dungeon |   1444 |   1391 |     53 |    170 |    974 |   3 |  481.3 |
               +--------+--------+--------+--------+--------+-----+--------+

Top non-repeatable levels by time:
     D:1: 804 daAuts
     D:2: 573 daAuts
     D:3: 67 daAuts
